 Dungeon Crawl Stone Soup version 0.26.1-11-gd32895ea62 (webtiles) character file.

Game seed: 15016391805085593240

73 Zeld the Shield-Bearer (level 4, 0/31 HPs)
             Began as an Octopode Fighter on May 11, 2021.
             Killed from afar by an orc wizard (4 damage)
             ... with a magic dart
             ... on level 2 of the Dungeon.
             The game lasted 00:01:46 (1390 turns).

Zeld the Shield-Bearer (Octopode Fighter)           Turns: 1390, Time: 00:01:46

Health: 0/31       AC:  1    Str: 16    XL:     4   Next: 27%
Magic:  7/7        EV: 11    Int: 10    God:
Gold:   109        SH:  8    Dex: 11    Spells: 7/7 levels left

rFire    . . .     SeeInvis .   o - +0 hand axe
rCold    . . .     Faith    .   a - +0 kite shield
rNeg     . . .     Spirit   .   (helmet restricted)
rPois    .         Reflect  .   (no amulet)
rElec    .         Harm     .   (no ring)
rCorr    .         Rampage  .   (no ring)
Will     .....                  (no ring)
Stlth    ++........             (no ring)
HPRegen  0.10/turn              (no ring)
MPRegen  0.10/turn              (no ring)
                                (no ring)
                                (no ring)

@: no status effects
A: almost no armour, stealthy swim, amphibious, 8 rings, constrict 8, camouflage
1, gelatinous body 1
a: no special abilities


You were on level 2 of the Dungeon.
You visited 1 branch of the dungeon, and saw 2 of its levels.

You collected 109 gold pieces.

Inventory:

Hand Weapons
 o - a +0 hand axe (weapon)
Missiles
 e - 9 poisoned darts (quivered)
Armour
 a - a +0 kite shield (worn)
Jewellery
 h - a cursed ring of teleportation {unknown}
Scrolls
 d - a scroll of noise {unknown}
 f - a scroll of identify {unknown}
 i - 3 scrolls of immolation {unknown}
 j - a scroll of remove curse {unknown}
 k - a scroll of random uselessness {unknown}
 m - a scroll of fear {unknown}
 n - a scroll of teleportation {unknown}
Potions
 b - a potion of might
 c - a potion of berserk rage {unknown}
 g - a potion of flight {unknown}
 l - 2 potions of haste {unknown}


   Skills:
 - Level 3.2 Fighting
 * Level 2.1 Throwing
 - Level 3.0 Dodging
 - Level 3.2 Shields
 - Level 2.0 Unarmed Combat
 * Level 2.1 Spellcasting


You had 7 spell levels left.
You didn't know any spells.
Your spell library was empty.

Dungeon Overview and Level Annotations

Branches:
Dungeon (2/15)

Altars:
The Shining One


Innate Abilities, Weirdness & Mutations

You cannot wear most types of armour.
You are very stealthy in the water. (Stealth+)
You are amphibious.
You can wear up to eight rings at the same time.
You can use your tentacles to constrict eight enemies at once.
Your skin changes colour to match your surroundings (Stealth+).
Your rubbery body absorbs attacks. (AC +1, EV +1)


Message History

You closely miss something. Something hits you but does no damage.
You hear some strange, mumbled words.
You are confused.
You miss something. Something barely misses you.
You bump into the rock wall.
You hear some strange, mumbled words.
A magic dart appears from out of thin air!
The magic dart hits you!
You bump into the rock wall.
Something hits you.
Items here: )) [[.
You hear some strange, mumbled words.
A puff of flame appears from out of thin air!
The puff of flame hits you!
* * * LOW HITPOINT WARNING * * *
You feel less confused.
There is a stone staircase leading up here.
You hear some strange, mumbled words.
A magic dart appears from out of thin air!
The magic dart hits you.
You die...

........).......#
.........###.####
..........##.# ###
.........)##.# #..
..........##.# #.#
...######..#.# #.# ...
##.#.###.# ..
#.....{.#####
######..###@....###
#.......# #.....#..
.....###...###.###.#.#
... #.#>....#####.# .
#.##รท#......#.#
#.##.#.####.#.#
#.##......#.#.#
#.#....#.##.#.#
#.....<.......###


There were no monsters in sight!

Vanquished Creatures
  An orc priest (D:2)
  An adder (D:2)
  A leopard gecko (D:1)
  3 orcs (D:2)
  3 goblins
  A hobgoblin (D:1)
  A ball python (D:1)
  6 bats
  3 frilled lizards (D:1)
  8 kobolds
  4 rats
32 creatures vanquished.

Notes
Turn   | Place    | Note
-------+----------+-------------------------------------------
     0 | D:1      | Zeld the Octopode Fighter began the quest for the Orb.
     0 | D:1      | Reached XP level 1. HP: 16/16 MP: 1/1
   288 | D:1      | Reached XP level 2. HP: 16/21 MP: 2/2
   556 | D:1      | Reached skill level 1 in Spellcasting
  1076 | D:2      | Found a glowing golden altar of the Shining One.
  1084 | D:2      | Reached XP level 3. HP: 26/26 MP: 4/4
  1129 | D:2      | Reached skill level 1 in Throwing
  1208 | D:2      | Reached XP level 4. HP: 27/31 MP: 5/7
  1390 | D:2      | Killed from afar by an orc wizard

Illustrated notes

Levels and vault maps discovered:
D:1:      mushboom_english_gardens, layout_basic
D:2:      layout_basic, old_standard_altar

Skill      XL: |  1  2  3 |
---------------+----------+-----
Spellcasting   | 1 2 |  2.1
Throwing       | 2 |  2.1
Fighting       | |  3.2
Dodging        | |  3.0
Shields        | |  3.2
Unarmed Combat | |  2.0

Action                   |  1- 3 |  4- 6 || total
-------------------------+-------+-------++-------
Melee: Unarmed           |    57 |     2 ||    59
       Constrict         |    20 |     4 ||    24
       Tentacles         |    10 |     2 ||    12
       Punch             |     1 |       ||     1
       Hand axe          |       |    15 ||    15
 Stab: Sleeping          |     6 |       ||     6
Armor: Skin              |     8 |     2 ||    10
Dodge: Dodged            |    26 |     6 ||    32
Block: Kite shield       |    19 |     3 ||    22
